[Event "Titled Tuesday Blitz March 22 Late 2022"]
[White "Shimanov, Aleksandr"]
[Black "Domingo Nunez, Alejandro"]
[WhiteFideId "4198603"]
[BlackFideId "22245561"]
[WhiteElo "2636"]
[BlackElo "2215"]
[Result "1-0"]
[Round "06"]
[TimeControl "180+1"]
[Date "2022.03.22"]
[WhiteClock "0:00:41"]
[BlackClock "0:00:06"]

1. e4 g6 2. d4 Bg7 3. c4 d6 4. Nc3 Nd7 5. Be3 e5 6. Nge2 h5 7. Qd2 a6 8. f3 h4 9. Rg1 Bh6 10. f4 Ngf6 11. g4 hxg3 12. hxg3 Ng4 13. O-O-O b5 14. dxe5 Nxe3 15. Qxe3 Nxe5 16. Nd4 Bg4 17. Rd2 c5 18. Nc2 Nf3 19. cxb5 O-O 20. Rh1 Nxd2 21. Qxd2 Bg7 22. bxa6 Re8 23. Ne3 Bf3 24. Rh4 Bxe4 25. Bc4 Ra7 26. Bb5 Rf8 27. Nxe4 Qa8 28. Nd5 Rxa6 29. Ne7# 1-0


[Site "https://www.chess.com"]

[Event "Titled Tuesday Blitz March 22 Late 2022"]
[White "Shuvalova, Polina"]
[Black "Kosteniuk, Alexandra"]
[WhiteFideId "24171760"]
[BlackFideId "4128125"]
[WhiteElo "2355"]
[BlackElo "2469"]
[Result "0-1"]
[Round "06"]
[TimeControl "180+1"]
[Date "2022.03.22"]
[WhiteClock "0:00:04"]
[BlackClock "0:00:13"]

1. d4 Nf6 2. Nf3 d5 3. Bf4 c5 4. e3 Nc6 5. Nbd2 cxd4 6. exd4 Bf5 7. c3 e6 8. Qb3 Qc8 9. Nh4 Bg4 10. h3 Bh5 11. Bd3 Be7 12. Nhf3 Nd7 13. O-O Bg6 14. Bxg6 hxg6 15. Rfe1 O-O 16. Bg5 Bf6 17. Re3 Qc7 18. Rae1 Rfe8 19. h4 Ne7 20. Bxf6 gxf6 21. g3 Nf5 22. R3e2 Nd6 23. Kg2 Kg7 24. Nh2 Rh8 25. Qc2 Rae8 26. Qd3 Nf5 27. Ndf3 Nb6 28. Ng4 Nc4 29. Rh1 Ncd6 30. Nd2 Rh5 31. Ne3 Nxe3+ 32. Qxe3 Reh8 33. Qf3 Nf5 34. Qg4 Kf8 35. Nb3 b6 36. Nc1 g5 37. Nd3 gxh4 38. Nf4 Rg5 39. Qf3 Qd6 40. Kf1 Rh6 41. g4 Ne7 42. Nd3 Rg8 43. Qe3 Rh7 44. f3 h3 45. Reh2 Rgh8 46. Nf2 Qg3 47. Ke2 Ng6 48. Kd2 Nh4 49. Ke2 Ng2 50. Qc1 Nf4+ 51. Ke3 Ng6 52. Qg1 Qxg1 53. Rxg1 e5 54. Rgh1 Nf4 55. Nd3 Nxd3 56. Kxd3 Ke7 57. Ke3 Kd6 58. Kf2 Ke6 59. Kg3 f5 60. Re2 f4+ 61. Kh2 f6 62. Rhe1 e4 63. fxe4 Rg8 64. exd5+ Kxd5 65. Rg1 Rh4 66. Rf2 Rgxg4 67. Rxg4 Rxg4 68. Kxh3 Rg3+ 69. Kh2 Ke4 70. Re2+ Re3 71. Rd2 f3 72. Kg1 Re1+ 73. Kf2 Rh1 74. d5 Rh2+ 75. Ke1 Rxd2 76. Kxd2 Kxd5 77. Ke3 Kc4 78. Kxf3 a5 79. Kf4 a4 80. Kf5 Kd3 81. Kxf6 Kc2 82. b3 a3 83. c4 Kb2 84. b4 Kxa2 85. c5 Kb3 86. cxb6 a2 87. b7 a1=Q+ 88. Ke6 Qa7 89. Kd5 Qxb7+ 90. Kc5 Qxb4+ 0-1


[Site "https://www.chess.com"]

[Event "Titled Tuesday Blitz March 22 Late 2022"]
[White "Sliwicki, Damian"]
[Black "Melkumyan, Hrant"]
[WhiteFideId "1127128"]
[BlackFideId "13302485"]
[WhiteElo "2067"]
[BlackElo "2604"]
[Result "0-1"]
[Round "06"]
[TimeControl "180+1"]
[Date "2022.03.22"]
[WhiteClock "0:00:01"]
[BlackClock "0:01:48"]

1. e4 c5 2. Nf3 Nc6 3. d4 cxd4 4. Nxd4 e5 5. Nb3 Nf6 6. Nc3 Bb4 7. Bd3 d5 8. exd5 Nxd5 9. O-O Bxc3 10. bxc3 O-O 11. Qf3 Nf6 12. Bg5 h6 13. Bh4 Re8 14. Nc5 g5 15. Ne4 Nxe4 16. Qxe4 f5 17. Bc4+ Kg7 18. Qf3 gxh4 19. Rad1 Qg5 20. Rd6 f4 21. Qd5 Bh3 22. Kh1 Bf5 23. Qf7+ Kh8 24. Rfd1 Rg8 25. Bd5 e4 26. g3 hxg3 27. fxg3 fxg3 28. hxg3 Ne5 29. Qc7 Qh5+ 30. Kg2 Qf3+ 0-1


[Site "https://www.chess.com"]

[Event "Titled Tuesday Blitz March 22 Late 2022"]
[White "Spata, German"]
[Black "Donchenko, Alexander"]
[WhiteFideId "113026"]
[BlackFideId "24603295"]
[WhiteElo "2238"]
[BlackElo "2539"]
[Result "0-1"]
[Round "06"]
[TimeControl "180+1"]
[Date "2022.03.22"]
[WhiteClock "0:00:08"]
[BlackClock "0:00:20"]

1. Nf3 Nf6 2. b3 g6 3. Bb2 Bg7 4. e3 O-O 5. Be2 c5 6. c4 b6 7. O-O Bb7 8. Nc3 Nc6 9. d4 cxd4 10. Nxd4 Nxd4 11. Qxd4 Ne4 12. Qd3 Rc8 13. Rac1 d6 14. Rfd1 Qd7 15. Qc2 Nxc3 16. Bxc3 Bxc3 17. Qxc3 a5 18. Rd4 Rc5 19. Rcd1 Rfc8 20. Bg4 Qc6 21. Bf3 Qc7 22. Bxb7 Qxb7 23. a4 Rg5 24. e4 h5 25. Rd5 Rc5 26. Qe3 Re5 27. h3 Qc8 28. Rxe5 dxe5 29. Qd3 Qe6 30. Qd7 Qf6 31. Rd5 Rxd5 32. exd5 e4 33. Qc6 Qa1+ 34. Kh2 Qe5+ 35. Kg1 e3 36. fxe3 Qxe3+ 37. Kh2 Kg7 38. Qb5 g5 39. Qd7 Qe5+ 40. Kg1 Qe3+ 41. Kh2 Kf6 42. Qc8 Qxb3 43. Qh8+ Kf5 44. Qxh5 Qxc4 45. Qxf7+ Ke5 46. Qxe7+ Kxd5 47. Qf7+ Kc5 48. Qxc4+ Kxc4 49. g3 b5 50. axb5 Kxb5 51. h4 gxh4 52. gxh4 a4 53. h5 a3 54. h6 a2 0-1


[Site "https://www.chess.com"]

[Event "Titled Tuesday Blitz March 22 Late 2022"]
[White "Svane, Rasmus"]
[Black "Jones, Gawain C B"]
[WhiteFideId "4657101"]
[BlackFideId "409561"]
[WhiteElo "2645"]
[BlackElo "2657"]
[Result "0-1"]
[Round "06"]
[TimeControl "180+1"]
[Date "2022.03.22"]
[WhiteClock "0:00:30"]
[BlackClock "0:01:28"]

1. Nf3 g6 2. d4 Nf6 3. g3 Bg7 4. Bg2 c5 5. dxc5 Qa5+ 6. Nc3 Ne4 7. O-O Nxc3 8. bxc3 Qxc3 9. Rb1 Qxc5 10. Be3 Qc4 11. Bd4 O-O 12. Bxg7 Kxg7 13. Qd4+ Qxd4 14. Nxd4 Nc6 15. Nb5 b6 16. Rfd1 a6 17. Nd4 Rb8 18. Bxc6 dxc6 19. Nxc6 Rb7 20. c4 Bf5 21. Rb4 Rc8 22. Nd4 Bd7 23. Rdb1 Rbc7 24. Rxb6 Rxc4 25. Nf3 Bh3 26. Re1 Rc1 27. Rb5 axb5 0-1


[Site "https://www.chess.com"]

[Event "Titled Tuesday Blitz March 22 Late 2022"]
[White "Taichman, Ori"]
[Black "Donchenko, Anatoly"]
[WhiteFideId "2804069"]
[BlackFideId "4106091"]
[WhiteElo "2227"]
[BlackElo "2339"]
[Result "1-0"]
[Round "06"]
[TimeControl "180+1"]
[Date "2022.03.22"]
[WhiteClock "0:01:09"]
[BlackClock "0:00:26"]

1. e4 c6 2. d4 d5 3. e5 Bf5 4. h4 h5 5. Bd3 Bxd3 6. Qxd3 e6 7. Bg5 Qb6 8. Nd2 Ne7 9. c4 Nf5 10. Ngf3 Qa6 11. O-O Nd7 12. a4 Nb6 13. b3 Be7 14. a5 Nd7 15. Bxe7 Nxe7 16. b4 dxc4 17. Nxc4 Nf5 18. Nd6+ Nxd6 19. Qxa6 bxa6 20. exd6 Rb8 21. Rfc1 O-O 22. Rxc6 Rxb4 23. Rxa6 Rb7 24. Rc6 Rfb8 25. Ne5 f6 26. Nc4 Kf7 27. a6 Rb1+ 28. Rxb1 Rxb1+ 29. Kh2 Ra1 30. Rc7 Ke8 31. Rc8+ Kf7 32. Rc7 Ke8 33. Rxa7 Ra4 34. Rxd7 Rxc4 35. Rxg7 Rxd4 36. a7 Rxh4+ 37. Kg1 Ra4 38. a8=Q+ Rxa8 39. Rg8+ Kd7 40. Rxa8 Kxd6 41. Rh8 Ke5 42. Rxh5+ f5 43. g4 Kf4 44. gxf5 exf5 45. Kg2 Kg4 46. Rh8 Kf4 47. Re8 Kg4 48. f3+ Kf4 49. Kf2 Kg5 50. Kg3 Kh5 51. Kf4 Kh4 52. Ra8 Kh5 53. Ra6 Kh4 54. Rh6# 1-0


[Site "https://www.chess.com"]

[Event "Titled Tuesday Blitz March 22 Late 2022"]
[White "Tan, Jun Ying"]
[Black "Piliczewski, Bogusz"]
[WhiteFideId "5710413"]
[BlackFideId "1104144"]
[WhiteElo "1827"]
[BlackElo "1896"]
[Result "1-0"]
[Round "06"]
[TimeControl "180+1"]
[Date "2022.03.22"]
[WhiteClock "0:00:17"]
[BlackClock "0:00:01"]

1. d4 d5 2. c4 c6 3. Nf3 Nf6 4. e3 e6 5. b3 Nbd7 6. Bb2 Bd6 7. Bd3 O-O 8. O-O Ne4 9. Nbd2 f5 10. Ne5 Bxe5 11. dxe5 Qc7 12. cxd5 exd5 13. f4 Qb6 14. Qe2 Ndc5 15. Bc2 Qa5 16. Nf3 b6 17. Qe1 Qxe1 18. Rfxe1 Ba6 19. Nd4 Rac8 20. Red1 g6 21. b4 Nd7 22. b5 cxb5 23. Bb3 Bb7 24. Nxb5 Ndc5 25. Bxd5+ Bxd5 26. Rxd5 Rfd8 27. Rd4 Ne6 28. Rxd8+ Rxd8 29. Nd4 N6c5 30. Ba3 Rc8 31. Rc1 Rc7 32. Kf1 Kf7 33. Ke2 Ke7 34. Nb3 Kd7 35. Bxc5 1-0


[Site "https://www.chess.com"]

[Event "Titled Tuesday Blitz March 22 Late 2022"]
[White "Tari, Aryan"]
[Black "Golubka, Petro"]
[WhiteFideId "1510045"]
[BlackFideId "14114224"]
[WhiteElo "2567"]
[BlackElo "2346"]
[Result "1-0"]
[Round "06"]
[TimeControl "180+1"]
[Date "2022.03.22"]
[WhiteClock "0:00:07"]
[BlackClock "0:00:05"]

1. e4 g6 2. d4 Bg7 3. Nf3 d6 4. Bd3 Bg4 5. c3 Nd7 6. O-O c5 7. Be3 cxd4 8. cxd4 Ngf6 9. Nbd2 O-O 10. h3 Bxf3 11. Nxf3 e5 12. Re1 exd4 13. Bxd4 Re8 14. Bc4 Re7 15. Qb3 Qe8 16. Ng5 d5 17. Bxd5 Nxd5 18. Qxd5 Nf6 19. Bxf6 Bxf6 20. Nf3 Bxb2 21. Rab1 Bc3 22. Re3 Rd8 23. Qc5 Bg7 24. Qxa7 Ra8 25. Qc5 Rxa2 26. e5 Ra8 27. h4 h5 28. Rbe1 Rc8 29. Qd5 Qc6 30. Qb3 Bh6 31. Re4 Qc2 32. Qb4 Qc5 33. Qb3 Qc2 34. Qb6 Qc5 35. Qb1 Qc2 36. Qa1 Qc3 37. Qa4 Qc6 38. Qd4 Qc5 39. Qd3 Qc2 40. Qa3 Qc5 41. Qa2 Qc2 42. Qa7 Qc5 43. Qa1 Qc3 44. Qd1 Qc2 45. Qxc2 Rxc2 46. e6 Rxe6 47. Rxe6 fxe6 48. Rxe6 Kf7 49. Rb6 Rc1+ 50. Kh2 Bf4+ 51. g3 Rc3 52. Kg2 Bc7 53. Ng5+ Kg7 54. Rxb7 1-0


[Site "https://www.chess.com"]

[Event "Titled Tuesday Blitz March 22 Late 2022"]
[White "Tregubov, Pavel V."]
[Black "Pesotskiy, Mikhail"]
[WhiteFideId "4115341"]
[BlackFideId "34164453"]
[WhiteElo "2341"]
[BlackElo "2010"]
[Result "1-0"]
[Round "06"]
[TimeControl "180+1"]
[Date "2022.03.22"]
[WhiteClock "0:00:14"]
[BlackClock "0:00:10"]

1. e4 e6 2. d4 d5 3. exd5 exd5 4. Nf3 Nf6 5. Bd3 Bd6 6. Qe2+ Qe7 7. Qxe7+ Bxe7 8. Bf4 c6 9. O-O O-O 10. Re1 Re8 11. Nbd2 Bg4 12. Ne5 Bh5 13. h3 Nbd7 14. g4 Bg6 15. Nxg6 hxg6 16. a4 a5 17. c3 Bf8 18. Kg2 Rxe1 19. Rxe1 Re8 20. Rxe8 Nxe8 21. g5 Bd6 22. Be3 Bc7 23. b3 Nd6 24. c4 Nf5 25. Nb1 Bd6 26. Nc3 Bb4 27. Ne2 Nb6 28. Bf4 dxc4 29. Bxc4 Nxc4 30. bxc4 Bd6 31. Kf3 Kf8 32. Ke4 Ke7 33. Bd2 Bc7 34. Nc1 Nd6+ 35. Kd3 b6 36. Bf4 Ne8 37. Be3 Nd6 38. Ne2 Nf5 39. Bd2 Ke6 40. Nf4+ Bxf4 41. Bxf4 Ne7 42. Bc7 Nc8 43. Ke4 Kd7 44. Be5 Nd6+ 45. Kd3 Nf5 46. d5 cxd5 47. cxd5 Ke7 48. Kc4 Kd7 49. Kb5 f6 50. gxf6 gxf6 51. Bxf6 Kd6 52. Kxb6 Kxd5 53. Kxa5 Ke4 54. Kb6 Nd6 55. Bc3 Kf3 56. Bb4 Nc4+ 57. Kc5 Ne5 58. a5 Kxf2 59. a6 Nd7+ 60. Kd6 Nb6 61. Bc5+ Kg3 62. Bxb6 Kxh3 63. a7 g5 64. a8=Q g4 65. Qh1+ Kg3 66. Kd5 Kf4 67. Qg2 g3 68. Bc7+ Ke3 69. Qxg3+ Ke2 70. Kd4 Kd1 71. Qf2 Kc1 72. Kc3 Kb1 73. Qb2# 1-0


[Site "https://www.chess.com"]

[Event "Titled Tuesday Blitz March 22 Late 2022"]
[White "Tsukerman, Julia"]
[Black "Oro, Luis"]
[WhiteFideId "2621649"]
[BlackFideId "104094"]
[WhiteElo "2114"]
[BlackElo "2317"]
[Result "0-1"]
[Round "06"]
[TimeControl "180+1"]
[Date "2022.03.22"]
[WhiteClock "0:00:59"]
[BlackClock "0:01:37"]

1. e4 c5 2. Nf3 d6 3. d4 cxd4 4. Nxd4 Nf6 5. Nc3 a6 6. Be3 e5 7. Nb3 Be7 8. f3 Be6 9. Qd2 O-O 10. O-O-O b5 11. Kb1 Nbd7 12. g4 b4 13. Nd5 Bxd5 14. exd5 Nb6 15. Bxb6 Qxb6 16. h4 a5 17. h5 a4 18. Nc1 Nd7 19. g5 Nc5 20. Bh3 Qb5 21. Bf5 Qc4 22. Qf2 b3 23. cxb3 axb3 24. a3 Bxg5 25. Rhg1 Qf4 26. Nd3 Qxf5 0-1


[Site "https://www.chess.com"]

[Event "Titled Tuesday Blitz March 22 Late 2022"]
[White "Vasquez Schroeder, Rodrigo"]
[Black "Paravyan, David"]
[WhiteFideId "3400042"]
[BlackFideId "4194985"]
[WhiteElo "2561"]
[BlackElo "2569"]
[Result "0-1"]
[Round "06"]
[TimeControl "180+1"]
[Date "2022.03.22"]
[WhiteClock "0:00:41"]
[BlackClock "0:00:27"]

1. e4 e5 2. Nf3 Nf6 3. d4 Nxe4 4. Bd3 d5 5. Nxe5 Bd6 6. O-O O-O 7. Nc3 Nxc3 8. bxc3 Nd7 9. f4 Nf6 10. Qf3 c5 11. dxc5 Bxc5+ 12. Be3 Qc7 13. Bd4 b6 14. h3 Bb7 15. Kh2 Ne4 16. Rfe1 Rae8 17. Bxe4 dxe4 18. Qe3 Bd6 19. g3 f6 20. Ng4 h5 21. Nf2 h4 22. Ng4 hxg3+ 23. Kxg3 g5 24. Rf1 gxf4+ 25. Rxf4 Bxf4+ 26. Qxf4 Qxf4+ 27. Kxf4 Kf7 28. a4 e3 29. Nxe3 Re4+ 30. Kg3 Rg8+ 31. Kf2 Rf4+ 32. Ke2 Ba6+ 33. Kd2 Rf2+ 34. Kc1 Rg1+ 35. Kb2 Rxa1 36. Kxa1 Rh2 37. Ng4 Rh1+ 38. Kb2 f5 39. Ne5+ Ke8 40. Nc6 Kd7 41. Nxa7 Kc7 42. Nb5+ Kc6 43. c4 Rxh3 44. Kc1 f4 45. Kd2 Rh2+ 46. Kd3 f3 47. Ke3 f2 48. Ke2 f1=Q+ 49. Kxf1 Rxc2 50. Na3 Ra2 51. Nb5 Rxa4 0-1


[Site "https://www.chess.com"]

[Event "Titled Tuesday Blitz March 22 Late 2022"]
[White "Villegas, Pierre"]
[Black "Goltsev, Dmitry"]
[WhiteFideId "654183"]
[BlackFideId "24176710"]
[WhiteElo "2395"]
[BlackElo "2273"]
[Result "1-0"]
[Round "06"]
[TimeControl "180+1"]
[Date "2022.03.22"]
[WhiteClock "0:00:20"]
[BlackClock "0:00:33"]

1. c4 c5 2. Nf3 Nc6 3. b3 Nf6 4. Bb2 d6 5. g3 e5 6. d3 Be7 7. Bg2 O-O 8. Nbd2 a6 9. O-O Nd4 10. e3 Nxf3+ 11. Nxf3 Rb8 12. d4 cxd4 13. exd4 e4 14. Nd2 Bf5 15. Re1 d5 16. c5 b6 17. Rc1 bxc5 18. dxc5 Qc7 19. Bd4 a5 20. f3 Rfd8 21. Qe2 Rb4 22. Bf2 Bf8 23. a3 Rbb8 24. fxe4 dxe4 25. Nxe4 Nxe4 26. Bxe4 Bxe4 27. Qxe4 Rxb3 28. Qa4 Rbd3 29. c6 Rxa3 30. Qb5 Rc8 31. Red1 Bd6 32. Bb6 Qe7 33. Rxd6 Qxd6 34. Bc5 Qd3 35. Qb7 Re8 36. c7 Qd2 37. Bxa3 Qe3+ 38. Kh1 Qf3+ 39. Qxf3 1-0


[Site "https://www.chess.com"]

[Event "Titled Tuesday Blitz March 22 Late 2022"]
[White "Winkels, Marcel"]
[Black "Vusatiuk, Vladimir"]
[WhiteFideId "1003887"]
[BlackFideId "14118610"]
[WhiteElo "1900"]
[BlackElo "2157"]
[Result "0-1"]
[Round "06"]
[TimeControl "180+1"]
[Date "2022.03.22"]
[WhiteClock "0:01:16"]
[BlackClock "0:00:41"]

1. e4 f5 2. exf5 Nc6 3. d4 d5 4. Bd3 Nf6 5. Nf3 Ne4 6. O-O Bxf5 7. Nbd2 e6 8. c3 Bd6 9. b4 Nxc3 10. Qc2 Ne2+ 11. Kh1 Nexd4 12. Nxd4 Nxd4 13. Qa4+ Qd7 14. Bxf5 Qxa4 15. Bh3 Bxb4 16. Nf3 Nxf3 17. gxf3 O-O 18. Bxe6+ Kh8 19. Bxd5 Bd6 20. Be4 Rxf3 21. Bxf3 Qh4 0-1


[Site "https://www.chess.com"]

[Event "Titled Tuesday Blitz March 22 Late 2022"]
[White "Yoo, Christopher Woojin"]
[Black "Boyer, Mahel"]
[WhiteFideId "30909694"]
[BlackFideId "45102422"]
[WhiteElo "2105"]
[BlackElo "2328"]
[Result "1-0"]
[Round "06"]
[TimeControl "180+1"]
[Date "2022.03.22"]
[WhiteClock "0:00:19"]
[BlackClock "0:00:03"]

1. d4 d5 2. Nf3 Nf6 3. Bf4 c5 4. e3 Nc6 5. Nbd2 cxd4 6. exd4 Bf5 7. Bb5 Rc8 8. Ne5 Bd7 9. Nxd7 Qxd7 10. Nf3 e6 11. Ne5 Qd8 12. c3 Bd6 13. Qa4 O-O 14. Bxc6 bxc6 15. Qxa7 c5 16. O-O Ra8 17. Qb7 Rb8 18. Qa6 Rxb2 19. Rab1 Rxb1 20. Rxb1 Ne4 21. Nc6 Qf6 22. Bxd6 1-0


[Site "https://www.chess.com"]

[Event "Titled Tuesday Blitz March 22 Late 2022"]
[White "Zanette, Edgard Vinicius"]
[Black "Broca Jimenez, Fernando"]
[WhiteFideId "2109263"]
[BlackFideId "5104742"]
[WhiteElo "2182"]
[BlackElo "2062"]
[Result "1-0"]
[Round "06"]
[TimeControl "180+1"]
[Date "2022.03.22"]
[WhiteClock "0:00:24"]
[BlackClock "0:00:03"]

1. e4 c5 2. Nc3 g6 3. Nge2 Bg7 4. g3 b6 5. Bg2 Bb7 6. O-O e6 7. d4 cxd4 8. Nxd4 Ne7 9. Ndb5 d5 10. exd5 exd5 11. Nxd5 Bxd5 12. Bxd5 Nxd5 13. Qxd5 Qxd5 14. Nc7+ Kd7 15. Nxd5 Nc6 16. Rd1 Kc8 17. c3 Kb7 18. Bg5 Rhe8 19. Re1 Ne5 20. Kg2 Nd3 21. Rxe8 Rxe8 22. b3 Re5 23. Bf6 Bxf6 24. Nxf6 Nxf2 25. Rf1 Nd3 26. Nxh7 Re2+ 27. Kg1 f5 28. Nf8 Rxa2 29. Nxg6 Ra3 30. Rb1 Nc5 31. b4 Ne4 32. c4 Nd2 33. Rc1 Ra4 34. c5 Rxb4 35. c6+ Kc7 36. Nf8 Nf3+ 37. Kg2 Nd4 38. h4 Nxc6 39. Ne6+ Kd6 40. Nf4 Ne5 41. Rd1+ Ke7 42. Nd5+ 1-0


[Site "https://www.chess.com"]

[Event "Titled Tuesday Blitz March 22 Late 2022"]
[White "Zherebtsova, Alexandra"]
[Black "Swicarz, Maciej"]
[WhiteFideId "24129518"]
[BlackFideId "1113585"]
[WhiteElo "2025"]
[BlackElo "2057"]
[Result "1/2-1/2"]
[Round "06"]
[TimeControl "180+1"]
[Date "2022.03.22"]
[WhiteClock "0:00:40"]
[BlackClock "0:00:51"]

1. d4 Nf6 2. Nf3 g6 3. c4 Bg7 4. Nc3 d5 5. e3 O-O 6. Qb3 c6 7. Bd2 Nbd7 8. cxd5 cxd5 9. Nxd5 b6 10. Nxf6+ Nxf6 11. Bd3 Bb7 12. O-O Bxf3 13. gxf3 Qd7 14. Kg2 Nh5 15. Qb5 Qd8 16. f4 a6 17. Qb3 b5 18. Be4 Rb8 19. Rac1 Qd7 20. Bf3 Nf6 21. Ba5 Rfc8 22. Rfd1 Ne8 23. Qd3 Nd6 24. b3 h5 25. Qd2 Nf5 26. Kh1 Nh4 27. Be4 Qe6 28. Qd3 Rxc1 29. Rxc1 Rc8 30. Rxc8+ Qxc8 31. Qd2 Qe6 32. Qc2 Qh3 33. Qe2 Qc8 34. Qc2 Qh3 35. Qe2 Qc8 36. Qc2 Qh3 1/2-1/2


[Site "https://www.chess.com"]

[Event "Titled Tuesday Blitz March 22 Late 2022"]
[White "Zhigalko, Sergei"]
[Black "Papp, Levente"]
[WhiteFideId "13502956"]
[BlackFideId "751243"]
[WhiteElo "2662"]
[BlackElo "2308"]
[Result "1-0"]
[Round "06"]
[TimeControl "180+1"]
[Date "2022.03.22"]
[WhiteClock "0:00:49"]
[BlackClock "0:00:03"]

1. e4 e6 2. d4 d5 3. e5 c5 4. c3 Nc6 5. Nf3 Qb6 6. a3 c4 7. Nbd2 Na5 8. Be2 Bd7 9. O-O h6 10. Rb1 Ne7 11. h4 O-O-O 12. h5 g6 13. Re1 Kb8 14. Nh2 Nf5 15. Ng4 Be7 16. Nf6 Bc8 17. Bg4 Ng7 18. Nf3 gxh5 19. Nxh5 Nxh5 20. Bxh5 Rdf8 21. Bf4 Bd7 22. g3 Nb3 23. Kg2 Ba4 24. Qe2 Na5 25. Rh1 Nc6 26. Qd2 Qb3 27. Bxh6 Rd8 28. Bxf7 Qc2 29. Bxe6 Rxh6 30. Qxh6 Qe4 31. Qf4 Bc2 32. Rbe1 Qg6 33. Qh6 Qe8 34. Qh5 Qf8 35. Qf7 Be4 36. Qxf8 Rxf8 37. Rxe4 dxe4 38. Nd2 e3 39. fxe3 b5 40. Ne4 a5 41. Rh7 Bd8 42. Nc5 Re8 43. Bd7 Re7 44. Rh8 Kc7 45. Bxc6 Kxc6 1-0


[Site "https://www.chess.com"]

[Event "Titled Tuesday Blitz March 22 Late 2022"]
[White "Zhukov, Maksim"]
[Black "Elissalt Cardenas, Hector"]
[WhiteFideId "34181790"]
[BlackFideId "3500632"]
[WhiteElo "1978"]
[BlackElo "2159"]
[Result "1/2-1/2"]
[Round "06"]
[TimeControl "180+1"]
[Date "2022.03.22"]
[WhiteClock "0:00:19"]
[BlackClock "0:00:16"]

1. d4 d5 2. c4 e6 3. Nf3 Nf6 4. g3 c6 5. Qc2 Nbd7 6. Bg2 Bd6 7. O-O O-O 8. Nbd2 Re8 9. Rd1 Qe7 10. b3 e5 11. dxe5 Nxe5 12. e3 Bg4 13. Bb2 Rad8 14. Rac1 dxc4 15. Bxe5 Bxe5 16. Nxc4 Bc7 17. Rxd8 Rxd8 18. Rd1 Rxd1+ 19. Qxd1 b5 20. Nb2 h6 21. Qc2 c5 22. Nd3 Bd6 23. Nd2 Bf5 24. Qc3 a6 25. e4 Nxe4 26. Nxe4 Bxe4 27. Bxe4 Qxe4 28. Nxc5 Bxc5 29. Qxc5 Qb1+ 30. Kg2 Qxa2 31. Qc8+ Kh7 32. Qf5+ Kg8 33. Qc8+ Kh7 34. Qf5+ Kg8 35. Qc8+ 1/2-1/2


[Site "https://www.chess.com"]

[Event "Titled Tuesday Blitz March 22 Late 2022"]
[White "Almagro Mazariegos, Sebastian"]
[Black "Manukyan, Sargis A."]
[WhiteFideId "2221640"]
[BlackFideId "13303970"]
[WhiteElo "2273"]
[BlackElo "2187"]
[Result "1-0"]
[Round "07"]
[TimeControl "180+1"]
[Date "2022.03.22"]
[WhiteClock "0:00:02"]
[BlackClock "0:00:10"]

1. e4 c5 2. Nf3 d6 3. d4 cxd4 4. Nxd4 Nf6 5. Nc3 g6 6. f3 Bg7 7. Be3 O-O 8. Qd2 Nc6 9. O-O-O d5 10. exd5 Nxd5 11. Nxc6 bxc6 12. Bd4 e5 13. Bc5 Be6 14. Ne4 Re8 15. c4 Nf4 16. Qxd8 Rexd8 17. Rxd8+ Rxd8 18. Kc2 h6 19. g3 f5 20. Nf2 Nh5 21. Be2 Nf6 22. Rd1 Nd7 23. Bxa7 Ra8 24. Be3 Rxa2 25. Rd6 Kf7 26. Rxc6 f4 27. Bc1 g5 28. Ne4 Ra7 29. g4 Nf6 30. Nxf6 Bxf6 31. Bd3 Bd7 32. Rb6 Rc7 33. b3 Bc6 34. Be4 Bxe4+ 35. fxe4 h5 36. h3 hxg4 37. hxg4 Be7 38. Kd3 Bc5 39. Rh6 Kg7 40. Re6 Bd4 41. Ba3 Kf7 42. Rh6 Kg7 43. Re6 Rc8 44. Bd6 Rd8 45. c5 Kf7 46. Re7+ Kf6 47. b4 Ra8 48. c6 Ra3+ 49. Kc4 f3 50. Re8 f2 51. Kd5 Kg7 52. Rf8 Be3 53. Rf5 Bf4 54. Bxe5+ Bxe5 55. Rxg5+ Kf7 56. Rf5+ Bf6 57. g5 Rd3+ 58. Kc4 Rd2 59. Rxf6+ Ke7 60. b5 Rc2+ 61. Kb4 Re2 62. Kc5 Rc2+ 63. Kb6 Re2 64. Rf4 Rc2 65. c7 Kd7 66. g6 Kd6 67. g7 Rxc7 68. Rf6+ Ke5 69. Rxf2 Rxg7 70. Re2 Rg6+ 71. Ka5 Rg7 72. b6 Kd6 73. Ka6 Kd7 74. Rc2 Rg6 75. Ka7 Rg3 76. b7 Ra3+ 77. Kb6 Rb3+ 78. Ka6 Ra3+ 79. Kb5 Rb3+ 80. Ka6 Ra3+ 81. Kb6 Rb3+ 82. Ka7 Ra3+ 83. Kb8 Ra4 84. Rd2+ Kc6 85. Kc8 Rxe4 86. b8=Q Re8+ 87. Rd8 Re7 88. Qa8+ Kc5 89. Qa5+ Kc6 90. Qa4+ Kb6 91. Qb4+ Kc6 92. Qxe7 Kb5 93. Rd6 Kc4 94. Qe5 Kb3 95. Rd4 Kc2 96. Rh4 Kb1 97. Qg5 Kc2 98. Qg3 Kb2 99. Rh2+ Ka1 100. Qg1# 1-0


[Site "https://www.chess.com"]

[Event "Titled Tuesday Blitz March 22 Late 2022"]
[White "Andreikin, Dmitry"]
[Black "Matinian, Nikita"]
[WhiteFideId "4158814"]
[BlackFideId "24129100"]
[WhiteElo "2736"]
[BlackElo "2422"]
[Result "1-0"]
[Round "07"]
[TimeControl "180+1"]
[Date "2022.03.22"]
[WhiteClock "0:00:21"]
[BlackClock "0:00:02"]

1. d4 Nf6 2. Nf3 g6 3. b3 Bg7 4. Bb2 c5 5. dxc5 Qa5+ 6. Nbd2 Qxc5 7. e3 O-O 8. c4 Nc6 9. Be2 d5 10. O-O Rd8 11. Rc1 Bf5 12. a3 a5 13. Nd4 e6 14. cxd5 Qxd5 15. Bf3 Qd6 16. Nc4 Qf8 17. Bxc6 bxc6 18. Qe2 c5 19. Nxf5 exf5 20. Bc3 a4 21. Ba5 Rdb8 22. bxa4 Ne4 23. Qc2 Ra6 24. Rfd1 h5 25. Be1 h4 26. h3 Qe7 27. a5 Bh6 28. Rb1 Re8 29. Rb6 Raa8 30. Qe2 f4 31. exf4 Bxf4 32. Qg4 g5 33. Rd7 Nxf2 34. Bxf2 Qe4 35. Nd6 Qc2 36. Nxe8 Qc1+ 37. Rd1 1-0


[Site "https://www.chess.com"]

[Event "Titled Tuesday Blitz March 22 Late 2022"]
[White "Ansh M Shah"]
[Black "Perera Alfonso, Rene Humberto"]
[WhiteFideId "25033379"]
[BlackFideId "3514722"]
[WhiteElo "1819"]
[BlackElo "2313"]
[Result "0-1"]
[Round "07"]
[TimeControl "180+1"]
[Date "2022.03.22"]
[WhiteClock "0:00:01"]
[BlackClock "0:00:54"]

1. d4 d5 2. c4 c6 3. cxd5 cxd5 4. Nc3 Nf6 5. Bf4 Nc6 6. Nf3 Bf5 7. e3 e6 8. Qb3 Bb4 9. Bb5 O-O 10. O-O Bxc3 11. Qxc3 Rc8 12. Rac1 Ne4 13. Qa3 Qb6 14. Bxc6 Rxc6 15. Rxc6 bxc6 16. Ne5 Qb7 17. Rc1 Rc8 18. Nd3 g5 19. Bg3 Qb5 20. Nc5 Nxg3 21. hxg3 Rb8 22. b3 a5 23. g4 Bg6 24. Nd7 Rc8 25. Qe7 h6 26. Ne5 Kg7 27. Nxg6 Kxg6 28. Rc5 Qe2 29. Qd7 Rf8 30. Rxc6 Qe1+ 31. Kh2 Qxf2 32. Qd6 Kg7 33. Qe5+ Kg8 0-1


[Site "https://www.chess.com"]

[Event "Titled Tuesday Blitz March 22 Late 2022"]
[White "Antonio, Jorge Carlos"]
[Black "Dolzhykova, Kateryna"]
[WhiteFideId "113190"]
[BlackFideId "14113414"]
[WhiteElo "2247"]
[BlackElo "2184"]
[Result "0-1"]
[Round "07"]
[TimeControl "180+1"]
[Date "2022.03.22"]
[WhiteClock "0:00:35"]
[BlackClock "0:00:47"]

1. d4 Nf6 2. Nf3 g6 3. c4 Bg7 4. Nc3 d5 5. Bg5 c5 6. Bxf6 Bxf6 7. Nxd5 O-O 8. Nxf6+ exf6 9. e3 Bg4 10. d5 Nd7 11. Be2 Qa5+ 12. Qd2 Qxd2+ 13. Kxd2 Bxf3 14. gxf3 Ne5 15. f4 Nd7 16. h4 f5 17. h5 Nf6 18. Bf3 Rfd8 19. hxg6 hxg6 20. a4 b6 21. Rh2 Rab8 22. Rah1 Kg7 23. Ra1 a6 24. Kc3 b5 25. axb5 axb5 26. b3 Rd6 27. Rhh1 Rdb6 28. Ra5 bxc4 29. Rxc5 Rxb3+ 30. Kd4 Rb2 31. Rxc4 Rxf2 32. Rh3 Rbb2 33. Ke5 Rb3 34. e4 Rfxf3 35. Rxf3 Rxf3 36. exf5 Rd3 37. d6 Rd5# 0-1


[Site "https://www.chess.com"]